 Dungeon Crawl Stone Soup version 0.26.0-10-g1f06aea511 (webtiles) character file.

Game seed: 5976798472085786954

2571 Arthanis the Arsonist (level 9, -8/45 HPs)
             Began as a Deep Elf Fire Elementalist on Jan 18, 2021.
             Was an Initiate of Vehumet.
             Mangled by a cyclops (16 damage)
             ... while petrified by a basilisk
             ... on level 7 of the Dungeon.
             The game lasted 00:09:42 (7915 turns).

Arthanis the Arsonist (Deep Elf Fire Elementalist)  Turns: 7915, Time: 00:09:42

Health: -8/45      AC:  3    Str:  5    XL:     9   Next: 32%
Magic:  12/23      EV:  2    Int: 24    God:    Vehumet [......]
Gold:   245        SH:  0    Dex: 15    Spells: 6/25 levels left

rFire    . . .     SeeInvis +   e - +3 hand axe
rCold    . . .     Faith    .   (no shield)
rNeg     + + +     Spirit   .   a - +0 robe
rPois    ∞         Reflect  +   (no helmet)
rElec    .         Harm     .   (no cloak)
rCorr    .         Rampage  .   (no gloves)
Will     .....                  K - +0 pair of boots
Stlth    ++........             J - amulet of reflection
HPRegen  0.15/turn              I - ring of wizardry
MPRegen  0.18/turn              D - ring of see invisible

@: petrified, very slightly contaminated
A: no striking features
a: Renounce Religion


You were on level 7 of the Dungeon.
You worshipped Vehumet.
Vehumet was noncommittal.
You visited 1 branch of the dungeon, and saw 7 of its levels.

You collected 525 gold pieces.
You spent 280 gold pieces at shops.

Inventory:

Hand Weapons
 e - a +3 hand axe (weapon)
 l - a +0 spear
 y - a +0 scythe
Armour
 a - a +0 robe (worn)
 s - the +2 cloak of the Guild-Master {Harm Dex+4}
   (You found it on level 4 of the Dungeon)

   It affects your dexterity (+4).
   It increases damage dealt and taken.
 K - a +0 pair of boots (worn)
Jewellery
 n - an uncursed ring of positive energy
 o - a +6 ring of strength
 D - a ring of see invisible (right hand)
 I - a ring of wizardry (left hand)
 J - an amulet of reflection (around neck)
Wands
 q - a wand of random effects (9)
 x - a wand of iceblast (9)
 F - a wand of paralysis (8)
 H - a wand of enslavement (4)
Scrolls
 c - 5 scrolls of identify {unknown}
 f - a scroll of blinking
 h - a scroll of magic mapping {unknown}
 j - 2 scrolls of remove curse
 m - 2 scrolls of immolation {unknown}
 p - 2 scrolls of enchant armour {unknown}
 u - a scroll of teleportation {unknown}
 C - a scroll of fear
 G - a scroll of noise {unknown}
Potions
 b - 2 potions of brilliance {unknown}
 d - 3 potions of curing {unknown}
 g - a potion of haste {unknown}
 i - a potion of invisibility {unknown}
 k - a potion of berserk rage {unknown}
 r - 2 potions of degeneration {unknown}
 t - a potion of heal wounds
 v - 2 potions of might {unknown}
 w - a potion of flight {unknown}
 z - a potion of resistance {unknown}
 A - a potion of ambrosia {unknown}
 B - a potion of cancellation {unknown}
 E - a potion of attraction {unknown}


   Skills:
 + Level 3.1 Dodging
 - Level 3.0 Stealth
 + Level 8.6 Spellcasting
 + Level 6.7 Conjurations
 * Level 10.1 Fire Magic
 + Level 1.4 Evocations


You had 6 spell levels left.
You knew the following spells:

 Your Spells              Type           Power        Failure   Level
a - Foxfire               Conj/Fire      100%         1%          1
b - Conjure Flame         Conj/Fire      50%          1%          3
c - Sticky Flame          Conj/Fire      50%          1%          4
d - Fireball              Conj/Fire      25%          2%          5
e - Magic Dart            Conj           100%         1%          1
f - Mephitic Cloud        Conj/Pois/Air  21%          2%          3
g - Blink                 Tloc           N/A          4%          2

Your spell library contained the following spells:

 Spells                   Type           Power        Failure   Level
 Inner Flame              Hex/Fire       34%          1%          3
 Call Imp                 Summ           10%          4%          2
 Slow                     Hex            10%          4%          2


Dungeon Overview and Level Annotations

Branches:
Dungeon (7/15)             Temple (0/1) D:7

Altars:
Dithmenos
Qazlal
Vehumet
Wu Jian
Zin

Shops:
D:6 :

Annotations:
D:4 2 transporters


Message History

The basilisk burns! x2
The basilisk is engulfed in noxious fumes.
The basilisk gazes at you. You resist with some effort.
Your limbs are stiffening.
Casting: Mephitic Cloud (dangerous; 3% risk of failure)
Confirm with . or Enter, or press ? or * to list all spells.
Aiming: Mephitic Cloud (dangerous; 3% risk of failure)
Press: ? - help, Shift-Dir - straight line, f/p - basilisk
Aim: a basilisk (noxious fumes, almost dead, covered in liquid flames)
You miscast Mephitic Cloud.
You are very lightly contaminated with residual magic.
Nothing appears to happen.
The basilisk burns!
The basilisk stops burning.
The basilisk is engulfed in noxious fumes.
You kill the basilisk!
Vehumet accepts your kill.
You have turned to stone.
The cyclops throws a large rock.
The large rock hits you!!
* * * LOW HITPOINT WARNING * * *
The cyclops hits you!!
You die...

#....C......##...........##..# ##
##.........###...............###.
###.....l..###.............#.....
....#.....#...###..........#.....
...###...[....# #................
..## #..##..C####..............##
..# #..###.....°.............##
.## ##.##..####C............####
..## #....## #@..>........>....
#..####....# ##....####....<....
###.......## #..#.## #..#.....#
##..###.## ##.##.# #.####..##
#.## ##.###..#.## #.# #..# ###
##.##..#.# ##.# ##.## ##...##.#
#.## #... ##.....# ### ####
####### #


You could see a cyclops.

Vanquished Creatures
  Grinder (D:3)
  Sigmund (D:5)
  A basilisk (D:7)
  Menkaure (D:4)
  Edmund (D:4)
  An orc warrior (D:6)
  An ice beast (D:7)
  2 phantoms
  2 sky beasts
  3 centaurs
  An ogre (D:7)
  2 bullfrogs (D:7)
  2 scorpions
  A water moccasin skeleton (D:6)
  A bullfrog zombie (D:5)
  3 hounds
  A jelly (D:5)
  3 orc priests
  A bullfrog skeleton (D:6)
  2 orc wizards
  An iguana (D:7)
  Natasha (D:3)
  6 worker ants
  2 hound zombies (D:6)
  A howler monkey zombie (D:5)
  5 adders
  A shadow imp (D:5)
  4 white imps
  An ufetubus (D:7)
  2 oozes
  An adder skeleton (D:6)
  5 worms
  3 dart slugs
  3 leopard geckos
  12 orcs
  A ball python (D:2)
  7 bats
  6 giant cockroaches
  2 goblins
  6 hobgoblins
  6 frilled lizards
  A jackal skeleton (D:5)
  7 kobolds
  6 rats
121 creatures vanquished.

Vanquished Creatures (others)
  714 foxfires
714 creatures vanquished.

Grand Total: 835 creatures vanquished

Notes
Turn   | Place    | Note
-------+----------+-------------------------------------------
     0 | D:1      | Arthanis the Deep Elf Fire Elementalist began the quest for
                  | the Orb.
     0 | D:1      | Reached XP level 1. HP: 10/10 MP: 6/6
   249 | D:1      | Reached XP level 2. HP: 15/15 MP: 2/8
   705 | D:1      | You fall into a shaft and drop 1 floor!
   711 | D:2      | Reached skill level 4 in Fire Magic
   853 | D:1      | Reached XP level 3. HP: 18/19 MP: 8/10
   857 | D:1      | Learned a level 3 spell: Conjure Flame
  1425 | D:2      | Found an ornate altar of the Wu Jian Council.
  1521 | D:2      | Reached XP level 4. HP: 24/24 MP: 6/11
  1526 | D:2      | Learned a level 4 spell: Sticky Flame
  2116 | D:3      | Noticed Grinder
  2126 | D:3      | Paralysed by Grinder for 2 turns
  2131 | D:3      | Killed Grinder
  2131 | D:3      | HP: 1/24 [giant cockroach (2)]
  2132 | D:3      | Reached skill level 5 in Fire Magic
  2132 | D:3      | Reached XP level 5. HP: 1/28 MP: 2/14
  2132 | D:3      | Reached XP level 6. HP: 1/32 MP: 2/15
  2374 | D:3      | Reached skill level 5 in Spellcasting
  2380 | D:3      | Reached skill level 6 in Fire Magic
  2390 | D:3      | Learned a level 5 spell: Fireball
  2610 | D:3      | Noticed Natasha
  2613 | D:3      | Killed Natasha
  2821 | D:4      | Found a transporter.
  2836 | D:4      | Got a scorched cloak
  2842 | D:4      | Identified the +2 cloak of the Guild-Master {Harm Dex+4}
                  | (You found it on level 4 of the Dungeon)
  3022 | D:4      | Noticed Menkaure
  3032 | D:4      | Killed Menkaure
  3033 | D:4      | Reached XP level 7. HP: 36/36 MP: 11/17
  3113 | D:4      | Noticed a kobold demonologist
  3117 | D:4      | Noticed Edmund
  3119 | D:4      | Found a transporter.
  3136 | D:4      | Killed Edmund
  3137 | D:4      | Reached skill level 7 in Fire Magic
  3444 | D:4      | Found a glowing silver altar of Zin.
  3938 | D:5      | Entered Level 5 of the Dungeon
  4003 | D:5      | Noticed Sigmund
  4013 | D:5      | Killed Sigmund
  4014 | D:5      | Reached skill level 5 in Conjurations
  4014 | D:5      | Reached XP level 8. HP: 41/41 MP: 9/20
  4022 | D:4      | Reached skill level 8 in Fire Magic
  4906 | D:5      | Found a stormy altar of Qazlal.
  4972 | D:5      | Found a shadowy altar of Dithmenos.
  5115 | D:6      | Reached skill level 9 in Fire Magic
  6303 | D:6      | Found Yrare's Book Shop.
  6311 | D:6      | Bought a book of Minor Magic for 280 gold pieces
  6313 | D:6      | Learned a level 1 spell: Magic Dart
  6317 | D:6      | Learned a level 3 spell: Mephitic Cloud
  6320 | D:6      | Learned a level 2 spell: Blink
  6631 | D:6      | Found a radiant altar of Vehumet.
  6646 | D:6      | Became a worshipper of Vehumet
  6908 | D:7      | Found a staircase to the Ecumenical Temple.
  6945 | D:7      | Reached XP level 9. HP: 45/45 MP: 18/23
  7670 | D:7      | Reached skill level 10 in Fire Magic
  7670 | D:7      | Reached skill level 1 in Evocations
  7878 | D:7      | Noticed a cyclops
  7915 | D:7      | Mangled by a cyclops

Illustrated notes

Levels and vault maps discovered:
D:1:      dpeg_arrival_ternary, layout_rooms
D:2:      layout_rooms, pdpol_wu_jian_five_deadly_venoms
D:3:      layout_loops_cross, uniq_grinder, uniq_natasha
D:4:      gammafunk_wand_slinger, layout_loops_cross,
          lemuel_coloured_pillars_altar, uniq_menkaure, uniq_edmund
D:5:      layout_rooms, lemuel_round_altar,
          nicolae_dithmenos_through_a_glass_darkly, lemuel_another_geyser,
          uniq_sigmund
D:6:      layout_loops_cross, lemuel_round_altar, serial_shops,
          kennysheep_mini_moat, amcnicky_mini_pool_small, minmay_joined_circles
D:7:      minmay_the_grid_octo_tiled_octocenter [minmay_the_grid_octo_pinwheel,
          minmay_the_grid_octo_vomiting_pacman, minmay_the_grid_octo_clover,
          minmay_the_grid_octo_tetromino_candy,
          minmay_the_grid_octo_prize_single_spiral,
          minmay_the_grid_square_5x5_eight, minmay_the_grid_square_5x5_n_small,
          minmay_the_grid_square_5x5_plus,
          minmay_the_grid_square_5x5_gyroscope], layout_layer_cave,
          minmay_temple_entry_statues

Skill      XL: |  1  2  3  4  5  6  7  8  9 |
---------------+----------------------------+-----
Fire Magic     | 4 5 6 7 9 10 | 10.1
Conjurations   | 2 3 4 5 6 |  6.7
Spellcasting   | 4 5 6 8 |  8.6
Stealth        | 3 |  3.0
Evocations     | 1 |  1.4
Dodging        | 3 |  3.1

Action                   |  1- 3 |  4- 6 |  7- 9 || total
-------------------------+-------+-------+-------++-------
Melee: Unarmed           |     1 |       |       ||     1
       Hand axe          |       |    10 |     6 ||    16
 Cast: Foxfire           |    88 |    76 |   287 ||   451
       Sticky Flame      |       |     1 |     4 ||     5
       Conjure Flame     |       |       |     1 ||     1
       Mephitic Cloud    |       |       |     1 ||     1
  Use: Scroll            |       |       |     4 ||     4
 Stab: Sleeping          |     1 |     2 |     1 ||     4
Armor: Robe              |       |     9 |    12 ||    21
Dodge: Dodged            |     5 |    22 |    41 ||    68
Block: Other             |       |       |     1 ||     1
